 Dungeon Crawl Stone Soup version 0.27.1-33-g824d729ab1 (webtiles) character file.

Game seed: 5340755033066495692

771 SilverMM the Shield-Bearer (level 7, -4/42 HPs)
             Began as a Gargoyle Fighter on Nov 26, 2021.
             Was a Follower of Makhleb.
             Slain by an ogre (27 damage)
             ... on level 5 of the Dungeon.
             The game lasted 00:34:19 (5085 turns).

SilverMM the Shield-Bearer (Gargoyle Fighter)       Turns: 5085, Time: 00:34:21

Health: -4/42      AC: 18    Str: 22    XL:     7   Next: 83%
Magic:  7/7        EV:  8    Int:  8    God:    Makhleb [*.....]
Gold:   224        SH: 15    Dex:  9    Spells: 6/6 levels left

rFire    + . .     SeeInvis .   e - +0 mace
rCold    . . .     Faith    .   c - +0 kite shield
rNeg     + . .     Spirit   .   b - +0 scale mail
rPois    ∞         Reflect  +   A - +0 helmet
rElec    +         Harm     .   (no cloak)
rCorr    .         Rampage  .   H - +0 pair of gloves
Will     .....                  (no boots)
Stlth    ..........             g - amulet of reflection
HPRegen  0.14/turn              D - +4 ring of protection
MPRegen  0.10/turn              l - ring of protection from fire

@: no status effects
A: sickness immunity, AC +4, negative energy resistance 1, electricity
resistance, torment resistance 1, petrification resistance
a: Renounce Religion


You were on level 5 of the Dungeon.
You worshipped Makhleb.
Makhleb was aware of your devotion.
You visited 2 branches of the dungeon, and saw 6 of its levels.

You collected 224 gold pieces.

Inventory:

Hand Weapons
 a - a +0 rapier
 e - a +0 mace (weapon)
 m - a +0 hand axe
 o - a +2 dagger of holy wrath
 r - a +0 short sword
 s - a +0 war axe
 v - a +0 short sword
Missiles
 j - 90 stones (quivered)
 p - 7 curare-tipped darts
 w - a throwing net
 F - 2 boomerangs
Armour
 b - a +0 scale mail (worn)
 c - a +0 kite shield (worn)
 f - a +0 robe
 i - a +0 ring mail
 k - a +0 cloak
 n - a +0 leather armour
 q - a +0 leather armour
 A - a +0 helmet (worn)
 H - a +0 pair of gloves (worn)
Jewellery
 g - an amulet of reflection (around neck)
 l - a ring of protection from fire (right hand)
 D - a +4 ring of protection (left hand)
Scrolls
 t - 2 scrolls of enchant weapon {unknown}
 x - 2 scrolls of enchant armour {unknown}
 y - a scroll of noise {unknown}
 C - a scroll of teleportation {unknown}
 E - 2 scrolls of identify {unknown}
 G - a scroll of fear {unknown}
 I - a scroll of fog
Potions
 d - a potion of might
 h - a potion of flight {unknown}
 u - 3 potions of degeneration {unknown}
 z - a potion of heal wounds {unknown}
 B - 3 potions of curing {unknown}


   Skills:
 + Level 3.8 Fighting
 * Level 4.5 Short Blades
 * Level 3.6 Maces & Flails
 + Level 4.3 Armour
 + Level 1.5 Dodging
 + Level 1.6 Stealth
 + Level 5.3 Shields


You had 6 spell levels left.
You didn't know any spells.
Your spell library contained the following spells:

 Spells                   Type           Power      Damage    Failure   Level
 Summon Small Mammal      Summ           0%         N/A       98%         1
 Slow                     Hex            0%         N/A       99%         2
 Call Canine Familiar     Summ           0%         N/A       100%        3
 Confusing Touch          Hex            0%         N/A       100%        3
 Summon Guardian Golem    Hex/Summ       0%         N/A       100%        3
 Vampiric Draining        Necr           0%         2d6       100%        3


Dungeon Overview and Level Annotations

Branches:
Dungeon (5/15)             Temple (1/1) D:4

Altars:
Ashenzari
Elyvilon
Fedhas
Gozag
Hepliaklqana
Makhleb
Nemelex Xobeh
Okawaru
Qazlal
Ru
Sif Muna
Trog
Uskayaw
Vehumet
Wu Jian
Xom

Shops:
D:3 *


Innate Abilities, Weirdness & Mutations

You are immune to sickness and miasma.
Your stone body is resilient. (AC +4)
You are immune to poison.
You resist negative energy. (rN+)
You are resistant to electric shocks. (rElec)
You are resistant to unholy torment.
You are immune to petrification.


Message History

You block the adder's attack. You block the ogre's attack.
You block the adder's attack.
You sock the ogre!
You kill the ogre!
Makhleb accepts your kill.
You feel better. You block the adder's attack.
You sock the ogre!
The ogre is moderately wounded.
You block the adder's attack. The ogre hits you with a +0 giant club!
You block the adder's attack.
You hit the ogre.
The ogre is heavily wounded.
You block the adder's attack. You block the ogre's attack.
You block the adder's attack.
You barely miss the ogre.
The ogre is heavily wounded.
The adder bites you but does no damage. You block the ogre's attack.
The adder bites you but does no damage. You block the ogre's attack.
You hit the ogre but do no damage.
The ogre is moderately wounded.
You block the adder's attack. x2; You block the ogre's attack.
You completely miss the ogre.
The ogre is moderately wounded.
The adder barely misses you. You block the adder's attack.
You block the ogre's attack.
You barely miss the ogre.
The ogre is moderately wounded.
You block the adder's attack. The ogre hits you but does no damage.
The adder bites you but does no damage.
You barely miss the ogre.
The ogre is moderately wounded.
An adder comes into view.
You block the adder's attack. The ogre barely misses you.
The adder hisses angrily.
You sock the ogre!
The ogre is severely wounded.
The adder barely misses you. The adder bites you but does no damage.
The ogre hits you with a +0 giant club!!
Ouch! That really hurt!
You die...

#... #... #... #..# .
#..# #.# #..###..#
#..Sc.# #.@O#.#
###############.....#
.................###.S.#
......##########.# #.#
≈≈≈≈≈.# #..# #
≈§≈≈≈..##...###.......
§._≈≈..##.........#..
§§8≈§..).........##.##
§≈≈≈≈...........###.####


You could see an ogre, a centaur and 2 adders.

Vanquished Creatures
  An ogre (D:5)
  2 phantoms (D:4)
  A scorpion (D:4)
  2 water moccasin skeletons
  A jelly (D:5)
  A bullfrog skeleton (D:5)
  2 iguanas (D:4)
  Jessica (D:2)
  2 orc wizards (D:5)
  A scorpion zombie (D:5)
  A hound skeleton (D:5)
  2 adders
  A shadow imp (D:5)
  An ufetubus (D:5)
  3 worms
  4 dart slugs
  13 orcs
  6 ball pythons
  5 endoplasms
  14 giant cockroaches
  4 goblins
  8 hobgoblins
  7 jackals
  8 kobolds
  2 quokkas
  6 bats
  4 frilled lizards
  4 rats
107 creatures vanquished.

Vanquished Creatures (others)
  3 fungi (D:1)
  7 plants
10 creatures vanquished.

Grand Total: 117 creatures vanquished

Notes
Turn   | Place    | Note
-------+----------+-------------------------------------------
     0 | D:1      | SilverMM the Gargoyle Fighter began the quest for the Orb.
     0 | D:1      | Reached XP level 1. HP: 14/14 MP: 1/1
   401 | D:1      | Reached XP level 2. HP: 19/19 MP: 2/2
   474 | D:1      | Found a faded altar of an unknown god.
  1179 | D:2      | Reached XP level 3. HP: 23/23 MP: 3/3
  1192 | D:2      | Noticed Jessica
  1207 | D:2      | Killed Jessica
  1208 | D:2      | Reached XP level 4. HP: 26/28 MP: 4/4
  1611 | D:2      | Reached skill level 4 in Shields
  2220 | D:3      | Found Ovikk's General Store.
  2294 | D:3      | Found a sacrificial altar of Ru.
  2294 | D:3      | Found a shimmering altar of Xom.
  2361 | D:3      | Reached XP level 5. HP: 32/32 MP: 5/5
  2430 | D:3      | Found a sparkling altar of Nemelex Xobeh.
  2431 | D:3      | Found a radiant altar of Vehumet.
  2674 | D:4      | Found an ornate altar of the Wu Jian Council.
  2832 | D:4      | Found a staircase to the Ecumenical Temple.
  2838 | Temple   | Entered the Ecumenical Temple
  2945 | Temple   | Became a worshipper of Makhleb the Destroyer
  3315 | D:4      | Reached skill level 1 in Maces & Flails
  3325 | D:4      | Reached skill level 1 in Dodging
  3325 | D:4      | Reached XP level 6. HP: 29/37 MP: 6/6
  3751 | D:4      | Reached skill level 1 in Stealth
  4067 | D:5      | Entered Level 5 of the Dungeon
  4119 | D:5      | Reached XP level 7. HP: 30/42 MP: 7/7
  4252 | D:5      | Reached skill level 5 in Shields
  4890 | D:5      | Reached * piety under Makhleb
  5034 | D:5      | Found a bloodstained altar of Trog.
  5085 | D:5      | Slain by an ogre

Illustrated notes

Levels and vault maps discovered:
D:1:      minmay_arrival_plants_in_alcoves, layout_loops_ring,
          shapermc_ecumenical_altar_acropolis, fountainhead
D:2:      layout_loops_ring, uniq_jessica
D:3:      minmay_roachtagon, layout_basic, nicolae_overflow_hidden_temple,
          gammafunk_temple_overflow_wave, serial_shops, shop, skrybe_limestone_x
D:4:      layout_loops_ring, nzn_wu_jian_council_hall, temple_statues,
          cheibrodos_sewer_entry_bend, chequers_serial_rivers_small_b,
          minmay_bent
D:5:      layout_cave_pools, general_overflow_altar, minmay_starry_boxes,
          uniq_grinder
Temple:   cyrus_temple_forest

Skill      XL: |  1  2  3  4  5  6  7 |
---------------+----------------------+-----
Short Blades   | 2 3 4 |  4.5
Shields        | 4 5 |  5.3
Maces & Flails | 1 2 3 |  3.6
Armour         | 4 |  4.3
Dodging        | 1 |  1.5
Stealth        | 1 |  1.6
Fighting       | |  3.8

Action                   |  1- 3 |  4- 6 |  7- 9 || total
-------------------------+-------+-------+-------++-------
Melee: Rapier            |    98 |    43 |       ||   141
       Mace              |       |   253 |   112 ||   365
  Use: Scroll            |       |     2 |       ||     2
       Potion            |       |       |     2 ||     2
Armor: Scale mail        |    36 |   150 |    95 ||   281
Dodge: Dodged            |    12 |    84 |    56 ||   152
Block: Kite shield       |    65 |   307 |   126 ||   498
       Reflection        |       |     4 |       ||     4
